NYP
MILWAUKEE (NYP) BREWERS @ AUBURN DOUBLEDAYS
08/16/2044
 
TOP OF THE 1ST
Milwaukee (NYP) Brewers batting - Pitching for Auburn Doubledays : LHP Jason Wasson
Pitching: LHP Jason Wasson
Batting: RHB John Freeman 0-0: Ball
1-0: Hit by Pitch
Batting: RHB Brian Landrum 0-0: Ball
John Freeman is caught stealing 2nd base 2-4
1-0: SOLO HOME RUN (Line Drive, 7D, EV 106.9 MPH), Distance : 399 ft
Batting: RHB Steve Byerly 0-0: Ball
1-0: Ball
2-0: Called Strike
2-1: DOUBLE (Flyball, 8RD, EV 105.6 MPH)
Batting: LHB Alfredo de la Cruz 0-0: Ball
1-0: Swinging Strike
1-1: Ball
2-1: Ground out 4-3 (Groundball, 34, EV 107.5 MPH)
Steve Byerly to third
Batting: LHB Paul Collins 0-0: Ball
1-0: Called Strike
1-1: Ball
2-1: TRIPLE (Flyball, 7D, EV 101.3 MPH)
Steve Byerly scores
Batting: SHB Mitchell Greene 0-0: Foul Ball, location: 2F
0-1: Ball
1-1: Swinging Strike
1-2: Foul Ball, location: 2F
1-2: Fly out, F8 (Flyball, 8LD, EV 80.6 MPH)
Top of the 1st over - 2 runs, 3 hits, 0 errors, 1 left on base; Milwaukee (NYP) 2 - Auburn 0
BOTTOM OF THE 1ST
Auburn Doubledays batting - Pitching for Milwaukee (NYP) Brewers : RHP Junzo Yanagisawa
Pitching: RHP Junzo Yanagisawa
Batting: LHB Mike Condon 0-0: Ball
1-0: Foul Ball, location: 2F
1-1: SINGLE (Groundball, 34S, EV 75.6 MPH) (infield hit)
Batting: RHB Ryan Hiemer 0-0: Ball
1-0: Foul Ball, location: 2F
1-1: Foul Ball, location: 2F
1-2: DOUBLE (Line Drive, 89M, EV 108.8 MPH)
Mike Condon to third
Runner from 3rd tries for Home, SAFE, no throw by RF
Batting: SHB Gabe Fraunfelder 0-0: Ball
1-0: Ground out 4-3 (Groundball, 4, EV 85.0 MPH)
Ryan Hiemer to third
Batting: RHB Slavik Nebrodov 0-0: Foul Ball, location: 2F
0-1: Foul Ball, location: 2F
0-2: Foul Ball, location: 2F
0-2: Ball
1-2: Ball
2-2: Ball
3-2: SINGLE (Groundball, 34D, EV 101.3 MPH)
Ryan Hiemer scores
Batting: LHB Elias Posada 0-0: Fly out, F8 (Flyball, 78M, EV 74.4 MPH)
Batting: RHB Joe Klein 0-0: Ball
Slavik Nebrodov steals 2nd base
1-0: Ball
2-0: Called Strike
2-1: Foul Ball, location: 2F
2-2: Ball
3-2: Ground out 4-3 (Groundball, 34D, EV 84.4 MPH)
Bottom of the 1st over - 2 runs, 3 hits, 0 errors, 1 left on base; Milwaukee (NYP) 2 - Auburn 2
TOP OF THE 2ND
Milwaukee (NYP) Brewers batting - Pitching for Auburn Doubledays : LHP Jason Wasson
Batting: RHB Brad Wren 0-0: Ball
1-0: Called Strike
1-1: Swinging Strike
1-2: Hit by Pitch
Batting: RHB Raymond Young 0-0: Ball
1-0: Foul Ball, location: 2F
1-1: Called Strike
1-2: Ball
2-2: Ball
3-2: Foul Ball, location: 2F
3-2: Fly out, F9 (Flyball, 9S, EV 85.0 MPH)
Batting: RHB Vinny Estrada 0-0: Called Strike
0-1: Ball
1-1: Foul Ball, location: 2F
1-2: Grounds into double play, 4-6-3 (Groundball, 4, EV 105.0 MPH)
Top of the 2nd over - 0 runs, 0 hits, 0 errors, 0 left on base; Milwaukee (NYP) 2 - Auburn 2
BOTTOM OF THE 2ND
Auburn Doubledays batting - Pitching for Milwaukee (NYP) Brewers : RHP Junzo Yanagisawa
Batting: RHB Bryan Ernst 0-0: Fly out, F7 (Flyball, 7LM, EV 90.0 MPH)
Batting: RHB Jon Hill 0-0: Ground out 5-3 (Groundball, 56, EV 104.4 MPH)
Batting: RHB David Rojas 0-0: Ball
1-0: Called Strike
1-1: Swinging Strike
1-2: Ball
2-2: Fly out, F9 (Flyball, 9, EV 86.3 MPH)
Bottom of the 2nd over - 0 runs, 0 hits, 0 errors, 0 left on base; Milwaukee (NYP) 2 - Auburn 2
TOP OF THE 3RD
Milwaukee (NYP) Brewers batting - Pitching for Auburn Doubledays : LHP Jason Wasson
Batting: RHB John Freeman 0-0: Swinging Strike
0-1: Called Strike
0-2: Strikes out swinging
Batting: RHB Brian Landrum 0-0: Fly out, F9 (Flyball, 9S, EV 91.3 MPH)
Batting: RHB Steve Byerly 0-0: Ground out 6-3 (Groundball, 6M, EV 85.6 MPH)
Top of the 3rd over - 0 runs, 0 hits, 0 errors, 0 left on base; Milwaukee (NYP) 2 - Auburn 2
BOTTOM OF THE 3RD
Auburn Doubledays batting - Pitching for Milwaukee (NYP) Brewers : RHP Junzo Yanagisawa
Batting: LHB Mike Condon 0-0: Foul Ball, location: 2F
0-1: Foul Ball, location: 2F
0-2: Ball
1-2: Foul Ball, location: 2F
1-2: Ground out 1-3 (Groundball, 15, EV 63.1 MPH)
Batting: RHB Ryan Hiemer 0-0: Foul Ball, location: 2F
0-1: Foul Ball, location: 2F
0-2: Foul Ball, location: 2F
0-2: Ball
1-2: Ball
2-2: Fly out, F8 (Flyball, 8LS, EV 80.6 MPH)
Batting: SHB Gabe Fraunfelder 0-0: Foul Ball, location: 2F
0-1: Ball
1-1: Foul Ball, location: 2F
1-2: Ball
2-2: Foul Ball, location: 2F
2-2: Ball
3-2: Foul Ball, location: 2F
3-2: Base on Balls
Batting: RHB Slavik Nebrodov 0-0: Ball
1-0: Called Strike
1-1: Swinging Strike
1-2: Strikes out swinging
Bottom of the 3rd over - 0 runs, 0 hits, 0 errors, 1 left on base; Milwaukee (NYP) 2 - Auburn 2
TOP OF THE 4TH
Milwaukee (NYP) Brewers batting - Pitching for Auburn Doubledays : LHP Jason Wasson
Batting: LHB Alfredo de la Cruz 0-0: Ball
1-0: Fly out, F8 (Line Drive, 8RD, EV 90.6 MPH)
Batting: LHB Paul Collins 0-0: Foul Ball, location: 2F
0-1: Called Strike
0-2: Ball
1-2: Strikes out swinging
Batting: SHB Mitchell Greene 0-0: Foul Ball, location: 2F
0-1: SINGLE (Groundball, 6MD, EV 107.5 MPH)
Batting: RHB Brad Wren 0-0: Called Strike
0-1: Called Strike
0-2: Ball
1-2: Ground out 4-3 (Groundball, 34, EV 102.5 MPH)
Top of the 4th over - 0 runs, 1 hit, 0 errors, 1 left on base; Milwaukee (NYP) 2 - Auburn 2
BOTTOM OF THE 4TH
Auburn Doubledays batting - Pitching for Milwaukee (NYP) Brewers : RHP Junzo Yanagisawa
Batting: LHB Elias Posada 0-0: Ball
1-0: Called Strike
1-1: Foul Ball, location: 2F
1-2: Ground out 5-3 (Groundball, 56S, EV 91.9 MPH)
Batting: RHB Joe Klein 0-0: Called Strike
0-1: Ball
1-1: Foul Ball, location: 2F
1-2: Foul Ball, location: 2F
1-2: Foul Ball, location: 2F
1-2: Ground out 6-3 (Groundball, 6, EV 106.3 MPH)
Batting: RHB Bryan Ernst 0-0: Called Strike
0-1: Ground out 5-3 (Groundball, 5L, EV 85.6 MPH)
Bottom of the 4th over - 0 runs, 0 hits, 0 errors, 0 left on base; Milwaukee (NYP) 2 - Auburn 2
TOP OF THE 5TH
Milwaukee (NYP) Brewers batting - Pitching for Auburn Doubledays : LHP Jason Wasson
Batting: RHB Raymond Young 0-0: Foul Ball, location: 2F
0-1: Swinging Strike
0-2: Ball
1-2: Foul Ball, location: 2F
1-2: Ball
2-2: Ball
3-2: Base on Balls
Batting: RHB Vinny Estrada 0-0: Called Strike
0-1: Ball
1-1: Called Strike
1-2: Foul Ball, location: 2F
1-2: Ball
2-2: Foul Ball, location: 2F
2-2: Strikes out swinging
Batting: RHB John Freeman 0-0: Ball
Wild Pitch!
Raymond Young to second
1-0: Ball
Wild Pitch!
Raymond Young to third
2-0: Ball
3-0: Called Strike
3-1: Foul Ball, location: 2F
3-2: Base on Balls
Batting: RHB Brian Landrum 0-0: Foul Ball, location: 2F
0-1: Ball
John Freeman is caught stealing 2nd base 2-4
1-1: SINGLE (Groundball, 56, EV 86.3 MPH) (infield hit)
Raymond Young scores
Batting: RHB Steve Byerly 0-0: Called Strike
0-1: Swinging Strike
0-2: Ball
1-2: Ball
2-2: Ball
Wild Pitch!
Brian Landrum to second
3-2: SINGLE (Groundball, 4MD, EV 101.3 MPH)
Brian Landrum to third
Batting: LHB Alfredo de la Cruz 0-0: Called Strike
0-1: Ball
1-1: Ball
2-1: Ball
3-1: Called Strike
3-2: Foul Ball, location: 2F
3-2: Foul Ball, location: 2F
3-2: Strikes out swinging
Top of the 5th over - 1 run, 2 hits, 0 errors, 2 left on base; Milwaukee (NYP) 3 - Auburn 2
BOTTOM OF THE 5TH
Auburn Doubledays batting - Pitching for Milwaukee (NYP) Brewers : RHP Junzo Yanagisawa
Batting: RHB Jon Hill 0-0: Ball
1-0: Ball
2-0: Ball
3-0: Called Strike
3-1: Called Strike
3-2: Strikes out looking
Batting: RHB David Rojas 0-0: Ball
1-0: Ball
2-0: Ground out U3 (Groundball, 3, EV 105.0 MPH)
Batting: LHB Mike Condon 0-0: Called Strike
0-1: Called Strike
0-2: Ball
1-2: Ball
2-2: SINGLE (Groundball, 34D, EV 96.3 MPH)
Pitching: RHP Justin Orr
Batting: RHB Ryan Hiemer 0-0: Called Strike
Mike Condon is caught stealing 2nd base 2-4
Bottom of the 5th over - 0 runs, 1 hit, 0 errors, 0 left on base; Milwaukee (NYP) 3 - Auburn 2
TOP OF THE 6TH
Milwaukee (NYP) Brewers batting - Pitching for Auburn Doubledays : LHP Jason Wasson
Batting: LHB Paul Collins 0-0: Called Strike
0-1: Ball
1-1: Swinging Strike
1-2: Strikes out swinging
Batting: SHB Mitchell Greene 0-0: Called Strike
0-1: Foul Ball, location: 2F
0-2: Ball
1-2: Ball
2-2: Ball
3-2: Ground out U3 (Groundball, 34S, EV 79.4 MPH)
Batting: RHB Brad Wren 0-0: Swinging Strike
0-1: Foul Ball, location: 2F
0-2: Foul Ball, location: 2F
0-2: Foul Ball, location: 2F
0-2: Foul Ball, location: 2F
0-2: Fly out, F8 (Flyball, 8LXD, EV 97.5 MPH)
Top of the 6th over - 0 runs, 0 hits, 0 errors, 0 left on base; Milwaukee (NYP) 3 - Auburn 2
BOTTOM OF THE 6TH
Auburn Doubledays batting - Pitching for Milwaukee (NYP) Brewers : RHP Justin Orr
Batting: RHB Ryan Hiemer 0-0: DOUBLE (Flyball, 78D, EV 103.1 MPH)
Batting: SHB Gabe Fraunfelder 0-0: Foul Ball, location: 2F
0-1: Ground out 4-3 (Groundball, 4, EV 90.6 MPH)
Ryan Hiemer to third
Batting: RHB Slavik Nebrodov 0-0: Ball
1-0: Swinging Strike
Passed Ball!
Ryan Hiemer scores
1-1: Ball
2-1: Fly out, F4 (Popup, 4S, EV 75.0 MPH)
Batting: LHB Elias Posada 0-0: Called Strike
0-1: Ball
1-1: Ball
2-1: Fly out, F5 (Flyball, 56D, EV 90.0 MPH)
Bottom of the 6th over - 1 run, 1 hit, 0 errors, 0 left on base; Milwaukee (NYP) 3 - Auburn 3
TOP OF THE 7TH
Milwaukee (NYP) Brewers batting - Pitching for Auburn Doubledays : LHP Jason Wasson
Pitching: RHP Luis Galvez
Batting: RHB Raymond Young 0-0: Ball
1-0: Called Strike
1-1: Foul Ball, location: 2F
1-2: Strikes out swinging
Batting: RHB Vinny Estrada 0-0: Ball
1-0: Ball
2-0: Called Strike
2-1: Swinging Strike
2-2: Ball
3-2: Foul Ball, location: 2F
3-2: SINGLE (Groundball, 56D, EV 104.4 MPH)
Batting: RHB John Freeman 0-0: Ball
1-0: Ball
2-0: Called Strike
2-1: Ball
3-1: Called Strike
3-2: Foul Ball, location: 2F
3-2: Base on Balls
Vinny Estrada to second
Batting: RHB Brian Landrum 0-0: Ball
1-0: Ball
2-0: Fielders Choice at 2nd, 5-4 (Groundball, 56S, EV 92.5 MPH)
Vinny Estrada to third
Batting: RHB Steve Byerly 0-0: Foul Ball, location: 2F
0-1: SINGLE (Groundball, 56D, EV 94.4 MPH)
Vinny Estrada scores
Brian Landrum to second
Batting: LHB Alfredo de la Cruz 0-0: Ground out 4-3 (Groundball, 4, EV 80.0 MPH)
Top of the 7th over - 1 run, 2 hits, 0 errors, 2 left on base; Milwaukee (NYP) 4 - Auburn 3
BOTTOM OF THE 7TH
Auburn Doubledays batting - Pitching for Milwaukee (NYP) Brewers : RHP Justin Orr
Pitching: RHP Guillermo Delgado
Batting: RHB Joe Klein 0-0: Called Strike
0-1: Swinging Strike
0-2: Ball
1-2: Strikes out looking
Batting: RHB Bryan Ernst 0-0: Ball
1-0: Called Strike
1-1: Ball
2-1: Called Strike
2-2: SINGLE (Groundball, 6S, EV 69.4 MPH) (infield hit)
Batting: RHB Jon Hill 0-0: Ball
Wild Pitch!
Bryan Ernst to second
1-0: Swinging Strike
1-1: Foul Ball, location: 2F
1-2: Foul Ball, location: 2F
1-2: Strikes out swinging
Batting: RHB David Rojas 0-0: Called Strike
0-1: Called Strike
0-2: Ball
1-2: Ball
2-2: Strikes out swinging
Bottom of the 7th over - 0 runs, 1 hit, 0 errors, 1 left on base; Milwaukee (NYP) 4 - Auburn 3
TOP OF THE 8TH
Milwaukee (NYP) Brewers batting - Pitching for Auburn Doubledays : RHP Luis Galvez
Pitching: LHP Manny Aguilera
Pinch Hitting: RHB Jeff Cornett 0-0: Ball
1-0: Called Strike
1-1: Foul Ball, location: 2F
1-2: Ball
2-2: Strikes out swinging
Pitching: RHP Felipe Valencia
Batting: SHB Mitchell Greene 0-0: Ground out 6-3 (Groundball, 6M, EV 90.0 MPH)
Batting: RHB Brad Wren 0-0: Foul Ball, location: 2F
0-1: Ball
1-1: Foul Ball, location: 2F
1-2: Foul Ball, location: 2F
1-2: Strikes out swinging
Top of the 8th over - 0 runs, 0 hits, 0 errors, 0 left on base; Milwaukee (NYP) 4 - Auburn 3
BOTTOM OF THE 8TH
Auburn Doubledays batting - Pitching for Milwaukee (NYP) Brewers : RHP Guillermo Delgado
Pitching: LHP Paul Schumacher
Now in LF: Jeff Cornett
Batting: LHB Mike Condon 0-0: Foul Ball, location: 2F
0-1: Foul Ball, location: 2F
0-2: Strikes out swinging
Batting: RHB Ryan Hiemer 0-0: Ground out 6-3 (Groundball, 6, EV 87.5 MPH)
Batting: SHB Gabe Fraunfelder 0-0: Ball
1-0: Ball
2-0: Ball
3-0: Called Strike
3-1: Foul Ball, location: 2F
3-2: Strikes out swinging
Bottom of the 8th over - 0 runs, 0 hits, 0 errors, 0 left on base; Milwaukee (NYP) 4 - Auburn 3
TOP OF THE 9TH
Milwaukee (NYP) Brewers batting - Pitching for Auburn Doubledays : RHP Felipe Valencia
Batting: RHB Raymond Young 0-0: Called Strike
0-1: Ball
1-1: Ball
2-1: Ball
3-1: Called Strike
3-2: Foul Ball, location: 2F
3-2: Strikes out swinging
Batting: RHB Vinny Estrada 0-0: Swinging Strike
0-1: Ground out 4-3 (Groundball, 4, EV 88.8 MPH)
Batting: RHB John Freeman 0-0: Ball
1-0: Ball
2-0: Foul Ball, location: 2F
2-1: Ground out 6-3 (Groundball, 6, EV 80.0 MPH)
Top of the 9th over - 0 runs, 0 hits, 0 errors, 0 left on base; Milwaukee (NYP) 4 - Auburn 3
BOTTOM OF THE 9TH
Auburn Doubledays batting - Pitching for Milwaukee (NYP) Brewers : LHP Paul Schumacher
Pitching: RHP Javy Uribe
Batting: RHB Slavik Nebrodov 0-0: SINGLE (Line Drive, 89S, EV 106.9 MPH)
Batting: LHB Elias Posada 0-0: Ball
1-0: Fly out, F7 (Flyball, 78S, EV 75.0 MPH)
Batting: RHB Joe Klein 0-0: Called Strike
0-1: Foul Ball, location: 2F
0-2: Ball
1-2: Strikes out swinging
Batting: RHB Bryan Ernst 0-0: Ball
1-0: Foul Ball, location: 2F
1-1: Foul Ball, location: 2F
1-2: Fielders Choice at 2nd, 6-4 (Groundball, 56, EV 80.6 MPH)
Bottom of the 9th over - 0 runs, 1 hit, 0 errors, 1 left on base; Milwaukee (NYP) 4 - Auburn 3
Thursday, March 31st , 2022 - OOTP Baseball 22.12 Build 89